 Dungeon Sprint DCSS version 0.28.0-53-g5a82cb258f (webtiles) character file.

Game seed: 8261237623436803619

4271 Zeld the Warrior (level 10, -7/168 HPs)
             Began as a Minotaur Berserker on June 7, 2022.
             Was a High Priest of Trog.
             Succumbed to a redback's poison
             ... in the Dungeon (Sprint I: "Red Sonja").
             The game lasted 00:02:05 (2032 turns).

Zeld the Warrior (Minotaur Berserker)               Turns: 2032, Time: 00:02:05

Health: -7/168     AC:  4    Str: 27    XL:     10   Next: 10%
Magic:  9/9        EV: 15    Int:  4    God:    Trog [*****.]
Gold:   699        SH:  0    Dex:  9    Spells: 9/9 levels left

rFire   . . .      SeeInvis .   a - +0 hand axe
rCold   . . .      Faith    .   (no shield)
rNeg    . . .      Spirit   .   m - +0 troll leather armour
rPois   .          Reflect  .   (helmet restricted)
rElec   .          Harm     .   (no cloak)
rCorr   .          Rampage  .   (no gloves)
Will    .....      NoTele   +   (no boots)
Stlth   ..........              (no amulet)
HPRegen 1.18/turn               (no ring)
MPRegen 0.11/turn               (no ring)

@: berserking, lethally poisoned (-7 -> -79), very quick
A: horns 2, retaliatory headbutt
a: Renounce Religion, Berserk, Trog's Hand, Brothers in Arms


You were in the Dungeon.
You worshipped Trog.
Trog was extremely pleased with you.
You visited 1 branch You collected 971 gold pieces.
You spent 272 gold pieces at shops.

Inventory:

Hand Weapons
 a - a +0 hand axe (weapon)
Armour
 b - a +2 scale mail of poison resistance
 m - a +0 troll leather armour (worn)
Wands
 i - a wand of iceblast (10)
Scrolls
 h - a scroll of blinking
 j - a scroll of enchant armour {unknown}
 n - a scroll of vulnerability {unknown}
Potions
 c - 5 potions of curing
 d - a potion of heal wounds
 e - a potion of haste
 f - 2 potions of magic
 g - 2 potions of berserk rage
 k - a potion of might
 l - a potion of attraction {unknown}


   Skills:
 * Level 17.7 Fighting
 - Level 14.0 Axes
 - Level 4.0 Armour
 + Level 11.7 Dodging
 + Level 9.6 Evocations


You had 9 spell levels left.
You didn't know any spells.
Your spell library was empty.

Dungeon Overview and Level Annotations

Branches:
Dungeon (1/1)

Altars:
Cheibriados
Dithmenos
Elyvilon
Fedhas
Gozag
Hepliaklqana
Kikubaaqudgha
Makhleb
Nemelex Xobeh
Okawaru
Qazlal
Ru
Sif Muna
Trog
Uskayaw
Vehumet
Wu Jian
Xom
Yredelemnul
Zin
The Shining One
Jiyva
Lugonu

Shops:
D *[


Innate Abilities, Weirdness & Mutations

You have a pair of horns on your head.
You reflexively headbutt those who attack you in melee.


Message History

You hit the redback.
You feel very sick. The redback bites you!
You are more poisoned.
The redback poisons you! The redback bites you!
You are lethally poisoned!
The redback poisons you!
You slash the redback!
The redback is almost dead.
You hit the redback.
You feel extremely sick. The redback closely misses you. The redback bites you!
You are more poisoned.
The redback poisons you!
You are too injured to fight recklessly!
Unknown command.
A red film seems to cover your vision as you go berserk!
You feel yourself moving faster!
You feel mighty!
* * * LOW HITPOINT WARNING * * *
You feel extremely sick. The redback barely misses you.
The redback closely misses you. You furiously retaliate!
You headbutt the redback.
You kill the redback!
Trog accepts your kill.
Trog will now gift you melee weapons as you gain piety.
The redback bites you.
* * * LOW HITPOINT WARNING * * *
Unknown command.
You barely miss the redback. You headbutt the redback!
You kill the redback!
Trog accepts your kill.
* * * LOW HITPOINT WARNING * * *
You feel extremely sick.
Unknown command.
There is a lethal amount of poison in your body!
There is a lethal amount of poison in your body!
* * * LOW HITPOINT WARNING * * *
You feel extremely sick.
You feel a strong urge to attack something.
You die...

#..'..#__#..')..#
)..#..'..'..#)..#
#####'#__####...+
#...#.####§[#####
#..##:#≈≈§§§#..#
##'#_.+≈≈§§.+..#
.'..._#≈≈§§§#..#
##_.#'##§#####'###
###'#.#..:[###.'@#
###.####'###[###$#
+...'÷[...'.∩##.#
#.).###########$#
###.### #.#
#.#'#.# +§#
#.....# #§#
#.....# #§#
#######


There were no monsters in sight!

Vanquished Creatures
  2 centaur warriors (D)
  Sonja (D)
  A deep troll (D)
  An oklob plant (D)
  2 kobold demonologists (D)
  A hornet (D)
  A slime creature (D)
  Sigmund (D)
  A yak (D)
  2 redbacks (D)
  A floating eye (D)
  An ogre (D)
  A jelly (D)
  Ijyb (D)
17 creatures vanquished.

Vanquished Creatures (others)
  2 ballistomycete spores (D)
2 creatures vanquished.

Grand Total: 19 creatures vanquished

Notes
Turn   | Place    | Note
-------+----------+-------------------------------------------
     0 | D        | Zeld the Minotaur Berserker began the quest for the Orb.
     0 | D        | Reached XP level 1. HP: 19/19 MP: 0/0
     2 | D        | Noticed Ijyb
     8 | D        | Killed Ijyb
     9 | D        | Reached skill level 5 in Fighting
     9 | D        | Reached skill level 5 in Axes
     9 | D        | Reached XP level 2. HP: 29/29 MP: 1/1
    42 | D        | Noticed an ogre
    55 | D        | Killed an ogre
    56 | D        | Reached skill level 7 in Fighting
    56 | D        | Reached XP level 3. HP: 31/39 MP: 2/2
    56 | D        | Reached XP level 4. HP: 38/47 MP: 3/3
   406 | D        | Noticed Sigmund
   421 | D        | Killed Sigmund
   421 | D        | Reached ** piety under Trog
   422 | D        | Reached skill level 9 in Fighting
   422 | D        | Reached skill level 5 in Dodging
   422 | D        | Reached XP level 5. HP: 29/57 MP: 4/4
   593 | D        | Found a burning altar of Makhleb.
   593 | D        | Found a viscous altar of Jiyva.
   593 | D        | Found a shimmering altar of Xom.
   593 | D        | Found a corrupted altar of Lugonu.
   593 | D        | Noticed a slime creature
   600 | D        | Killed a slime creature
   601 | D        | Reached skill level 10 in Fighting
   601 | D        | Reached skill level 10 in Axes
   601 | D        | Reached XP level 6. HP: 67/67 MP: 5/5
   601 | D        | Found an ornate altar of the Wu Jian Council.
   601 | D        | Found a shimmering blue altar of Sif Muna.
   603 | D        | Found a radiant altar of Vehumet.
   654 | D        | Found Ugojad's General Store.
   654 | D        | Found an ancient bone altar of Kikubaaqudgha.
   654 | D        | Found a hazy altar of Hepliaklqana.
   654 | D        | Found a hide-covered altar of Uskayaw.
   654 | D        | Found a basalt altar of Yredelemnul.
   654 | D        | Found an opulent altar of Gozag.
   654 | D        | Found a snail-covered altar of Cheibriados.
   654 | D        | Found a sacrificial altar of Ru.
   654 | D        | Found a shadowy altar of Dithmenos.
   654 | D        | Noticed a yak
   656 | D        | Found a stormy altar of Qazlal.
   656 | D        | Found a blossoming altar of Fedhas.
   656 | D        | Found a bloodstained altar of Trog.
   656 | D        | Found an iron altar of Okawaru.
   656 | D        | Found a glowing golden altar of the Shining One.
   656 | D        | Found a glowing silver altar of Zin.
   656 | D        | Found a white marble altar of Elyvilon.
   662 | D        | Killed a yak
   663 | D        | Reached skill level 11 in Fighting
   663 | D        | Reached skill level 5 in Evocations
   663 | D        | Reached XP level 7. HP: 74/74 MP: 6/6
   664 | D        | Found a sparkling altar of Nemelex Xobeh.
   668 | D        | Bought a potion of might for 56 gold pieces
   870 | D        | Noticed a kobold demonologist
   870 | D        | Noticed a kobold demonologist
   875 | D        | Noticed a rust devil
   877 | D        | Noticed a sixfirhy
   878 | D        | Killed a kobold demonologist
   878 | D        | Reached *** piety under Trog
   879 | D        | Reached skill level 12 in Fighting
   886 | D        | Killed a kobold demonologist
   887 | D        | Reached XP level 8. HP: 55/85 MP: 7/7
  1020 | D        | Noticed Sonja
  1022 | D        | Killed Sonja
  1022 | D        | Reached **** piety under Trog
  1023 | D        | Reached skill level 14 in Fighting
  1292 | D        | Noticed a deep troll
  1299 | D        | Killed a deep troll
  1300 | D        | Reached skill level 15 in Fighting
  1300 | D        | Reached XP level 9. HP: 97/97 MP: 8/8
  1479 | D        | Found Courph's Armour Emporium.
  1484 | D        | Bought a +2 scale mail of poison resistance for 216 gold
                  | pieces
  1516 | D        | Noticed a centaur warrior
  1516 | D        | Noticed a centaur warrior
  1527 | D        | Killed a centaur warrior
  1528 | D        | Reached skill level 16 in Fighting
  1528 | D        | Reached skill level 10 in Dodging
  1534 | D        | Killed a centaur warrior
  1751 | D        | Reached skill level 17 in Fighting
  1951 | D        | Noticed an oklob plant
  1959 | D        | Killed an oklob plant
  1960 | D        | Reached XP level 10. HP: 98/111 MP: 9/9
  2029 | D        | Reached ***** piety under Trog
  2031 | D        | HP: 6/168 [poisoned by a redback]
  2032 | D        | Succumbed to a redback's poison

Illustrated notes

Levels and vault maps discovered:
D:        dungeon_sprint_1 [red_sonja_temple_1, red_sonja_temple_small_1]

Skill      XL: |  1  2  3  4  5  6  7  8  9 |
---------------+----------------------------+-----
Fighting       | 5 7 9 10 11 12 15 17 | 17.7
Axes           | 5 7 9 10 11 12 14 | 14.0
Armour         | 3 4 |  4.0
Dodging        | 3 4 5 6 7 8 9 11 | 11.7
Evocations     | 2 4 5 6 7 9 |  9.6

Action                   |  1- 3 |  4- 6 |  7- 9 | 10-12 || total
-------------------------+-------+-------+-------+-------++-------
Melee: Hand axe          |     8 |    20 |    61 |     8 ||    97
       Headbutt          |     1 |     7 |     8 |     1 ||    17
       Punch             |       |       |       |     1 ||     1
Invok: Berserk           |     2 |     3 |     3 |     1 ||     9
       Trog's Hand       |       |       |     1 |       ||     1
Evoke: Wand              |       |       |     2 |       ||     2
Armor: Animal skin       |       |     1 |     2 |       ||     3
       Troll leather arm |       |       |     9 |     1 ||    10
Dodge: Dodged            |     4 |     7 |    46 |     4 ||    61
